 Dungeon Crawl Stone Soup version 0.26-a0-540-g8a0c9464d7 (webtiles) character file.

Game seed: 13920814725492968777

18461 kae the Severer (level 12, -2/117 HPs)
             Began as a Hill Orc Fighter on Aug 17, 2020.
             Was a Priest of Makhleb.
             Slain by a 13-headed hydra (12 damage)
             ... on level 2 of the Lair of Beasts.
             The game lasted 00:15:18 (13520 turns).

kae the Severer (Hill Orc Fighter)                 Turns: 13520, Time: 00:15:19

Health: -2/117     AC: 13    Str: 35    XL:     12   Next: 58%
Magic:  0/19       EV:  8    Int:  8    God:    Makhleb [***...]
Gold:   271        SH: 11    Dex: 16    Spells: 11/11 levels left

rFire    + . .     SeeInvis .   v - +2 war axe "String" {speed, rF+ Str+5}
rCold    . . .     Faith    .   c - +0 kite shield
rNeg     . . .     Spirit   +   B - +0 swamp dragon scales
rPois    +         Reflect  .   r - +1 helmet
rElec    .         Harm     .   (no cloak)
rCorr    .                      (no gloves)
MR       .....                  H - +0 pair of boots
Stlth    +.........             h - amulet of guardian spirit
HPRegen  0.29/turn              q - +6 ring of strength
MPRegen  0.16/turn              J - +6 ring of dexterity

@: no status effects
A: no striking features
a: Minor Destruction, Lesser Servant of Makhleb, Renounce Religion


You were on level 2 of the Lair of Beasts.
You worshipped Makhleb.
Makhleb was most pleased with you.
You visited 3 branches of the dungeon, and saw 13 of its levels.

You collected 537 gold pieces.
You spent 266 gold pieces at shops.

Inventory:

Hand Weapons
 a - a +1 war axe
 v - the +2 war axe "String" (weapon) {speed, rF+ Str+5}
   (You found it on level 7 of the Dungeon)

   Attacks with this weapon are significantly faster.
   It affects your strength (+5).
   It protects you from fire.
 C - a +0 long sword of pain
Armour
 b - a +1 scale mail
 c - a +0 kite shield (worn)
 r - a +1 helmet (worn)
 B - +0 swamp dragon scales (worn)
 H - a +0 pair of boots (worn)
Jewellery
 h - an amulet of guardian spirit (around neck)
 q - a +6 ring of strength (left hand)
 t - a +4 ring of evasion
 D - an uncursed ring of stealth
 F - an uncursed ring of see invisible
 J - a +6 ring of dexterity (right hand)
 O - a +4 ring of protection
Wands
 o - a wand of enslavement (3)
 u - a wand of digging (4)
 y - a wand of random effects (33)
 A - a wand of acid (8)
 E - a wand of disintegration (12)
 G - a wand of flame (20)
 M - a wand of iceblast (8)
Scrolls
 n - 12 scrolls of remove curse
 s - a scroll of teleportation
 I - a scroll of enchant weapon
 K - a scroll of magic mapping
 L - a scroll of enchant armour
 N - a scroll of identify
Potions
 d - 3 potions of might
 e - 3 potions of heal wounds
 f - 5 potions of flight
 g - 2 potions of cancellation
 i - 7 potions of curing
 j - a potion of invisibility
 k - 2 potions of stabbing
 l - 2 potions of brilliance
 m - 3 potions of haste
 p - 4 potions of degeneration
 w - a potion of magic {unknown}
 x - a potion of ambrosia
 z - 3 potions of mutation


   Skills:
 - Level 14.1 Fighting
 - Level 16.0 Axes
 + Level 8.6 Armour
 - Level 3.2 Shields
 - Level 10.0 Invocations


You had 11 spell levels left.
You didn't know any spells.
Your spell library contained the following spells:

 Spells                   Type           Power        Failure   Level
 Animate Skeleton         Necr           #.....       95%         1
 Apportation              Tloc           #.....       95%         1
 Beastly Appendage        Tmut           #.....       95%         1
 Corona                   Hex            #......      95%         1
 Summon Small Mammal      Summ           #...         95%         1
 Wereblood                Tmut           #.......     98%         2
 Gell's Gravitas          Tloc           #.........   100%        3
 Portal Projectile        Hex/Tloc       #.....       100%        3
 Spider Form              Tmut/Pois      #.........   100%        3
 Ice Form                 Ice/Tmut       #.......     100%        4
 Blade Hands              Tmut           #.........   100%        5
 Dispersal                Tloc           #.........   100%        6
 Controlled Blink         Tloc           N/A          100%        8
 Disjunction              Tloc           #.........   100%        8


Dungeon Overview and Level Annotations

Branches:
Dungeon (10/15)            Temple (1/1) D:4            Lair (2/6) D:10
 Shoals (0/4) Lair:2          Orc (0/2) D:10
  Snake: Lair:2-4    Spider: Lair:2-4

Altars:
Ashenzari
Cheibriados
Dithmenos
Elyvilon
Fedhas
Gozag
Hepliaklqana
Kikubaaqudgha
Makhleb
Nemelex Xobeh
Okawaru
Qazlal
Ru
Sif Muna
Trog
Uskayaw
Vehumet
Wu Jian
Xom
Yredelemnul
Zin
The Shining One

Shops:
D:7 !   D:9 :

Annotations:
D:6 1 runed translucent door, Yorgos's ghost, amateur GnDe
D:8 1 runed translucent door


Message History

* * * LOW HITPOINT WARNING * * *
The 13-headed hydra bites you but does no damage.
The 13-headed hydra bites you!
* * * LOW HITPOINT WARNING * * *
The 13-headed hydra bites you.
* * * LOW HITPOINT WARNING * * *
Okay, then.
You feel much better. The 13-headed hydra bites you.
* * * LOW HITPOINT WARNING * * *
The 13-headed hydra bites you but does no damage.
The 13-headed hydra bites you.
* * * LOW HITPOINT WARNING * * *
You block the 13-headed hydra's attack.
The 13-headed hydra bites you but does no damage.
The 13-headed hydra barely misses you. The 13-headed hydra bites you.
* * * LOW HITPOINT WARNING * * *
You block the 13-headed hydra's attack. The 13-headed hydra bites you!
* * * LOW HITPOINT WARNING * * *
The 13-headed hydra bites you!
You die...

P..#.......P.............P....###
P....[.....#......P##..P.#.....#.
#..P##.#.........................
.................................
.................................
.................................
.............P.....P.............
..................P.###..........
..........#####.@#### ###........
.........## ##D# ##P......
..........# .l. #.. .........##
..... .........# ......#
.........# ###...## .........#
...## ......... ..## ........


You could see a 13-headed hydra and an iguana.

Vanquished Creatures
  Harold (D:7)
  A catoblepas (D:8)
  2 centaur warriors (D:8)
  3 two-headed ogres
  Urug (Lair:1)
  An unseen horror (D:10)
  Pikel (D:6)
  A deep elf mage (D:8)
  A centaur zombie (D:9)
  Joseph (D:7)
  A black mamba (Lair:2)
  Psyche (D:9)
  3 cane toads (Lair:1)
  A gargoyle (D:8)
  Maggie (D:7)
  3 komodo dragons
  Prince Ribbit (D:5)
  5 hippogriffs
  A wyvern (D:8)
  A basilisk (Lair:2)
  14 yaks
  Grum (D:10)
  2 water moccasins
  4 sky beasts
  2 porcupines
  3 ice beasts
  2 phantoms
  A black bear (D:9)
  3 ogres
  A necrophage (D:8)
  A crocodile (Lair:1)
  6 centaurs
  7 wolves
  2 big kobolds
  13 bullfrogs
  A wyvern skeleton (D:8)
  A scorpion (D:4)
  4 wights (D:6)
  2 orc priests
  5 hounds
  2 jellies
  4 orc wizards
  2 bullfrog skeletons
  Ijyb (D:5)
  4 iguanas
  5 worker ants
  A hound skeleton (D:4)
  A hound zombie (D:8)
  A worker ant zombie (D:7)
  Robin (D:3)
  8 gnolls
  A howler monkey skeleton (D:6)
  15 adders
  A shadow imp (D:9)
  A white imp (D:9)
  An ooze (D:3)
  2 adder zombies
  An adder skeleton (D:5)
  3 worms
  3 dart slugs (D:1)
  11 leopard geckos
  27 orcs
  A ball python (D:3)
  2 giant cockroaches
  12 goblins
  11 hobgoblins
  8 jackals
  2 quokkas
  8 bats
  6 frilled lizards
  13 kobolds
  A leopard gecko zombie (D:9)
  2 quokka skeletons
  5 rats
  3 plants
276 creatures vanquished.

Vanquished Creatures (others)
  2 plants (D:10)
2 creatures vanquished.

Grand Total: 278 creatures vanquished

Notes
Turn   | Place    | Note
-------+----------+-------------------------------------------
     0 | D:1      | kae the Hill Orc Fighter began the quest for the Orb.
     0 | D:1      | Reached XP level 1. HP: 19/19 MP: 1/1
    18 | D:1      | Reached skill level 3 in Axes
   182 | D:1      | Reached XP level 2. HP: 27/27 MP: 2/2
   657 | D:1      | Reached skill level 4 in Axes
   808 | D:1      | Reached XP level 3. HP: 27/33 MP: 3/3
  1740 | D:2      | Found a shimmering blue altar of Sif Muna.
  1788 | D:2      | Reached XP level 4. HP: 41/41 MP: 4/4
  1830 | D:2      | Reached skill level 5 in Axes
  2841 | D:3      | Reached XP level 5. HP: 32/47 MP: 5/5
  3060 | D:3      | Noticed Robin
  3068 | D:3      | Killed Robin
  3068 | D:3      | Reached skill level 6 in Axes
  3138 | D:3      | Reached skill level 5 in Fighting
  3577 | D:3      | Reached XP level 6. HP: 35/56 MP: 6/6
  3605 | D:3      | Reached skill level 7 in Axes
  3702 | D:3      | Found a snail-covered altar of Cheibriados.
  4104 | D:3      | Found a faded altar of an unknown god.
  4917 | D:4      | Reached skill level 8 in Axes
  4917 | D:4      | Reached XP level 7. HP: 60/63 MP: 7/7
  5060 | D:4      | Found a staircase to the Ecumenical Temple.
  5073 | Temple   | Entered the Ecumenical Temple
  5830 | D:5      | Entered Level 5 of the Dungeon
  5843 | D:5      | Reached skill level 9 in Axes
  6040 | D:5      | Reached XP level 8. HP: 35/73 MP: 8/8
  6272 | D:5      | Reached skill level 10 in Axes
  6363 | D:5      | Noticed Prince Ribbit
  6699 | D:5      | Noticed Ijyb
  6715 | D:5      | Killed Ijyb
  6878 | D:5      | Killed Prince Ribbit
  7196 | D:6      | Reached skill level 11 in Axes
  7527 | D:6      | Found a runed translucent door.
  7529 | D:6      | Noticed Yorgos's ghost (amateur GnDe)
  7563 | D:6      | Noticed Pikel
  7579 | D:6      | Killed Pikel
  7579 | D:6      | Reached skill level 12 in Axes
  7579 | D:6      | Reached XP level 9. HP: 43/82 MP: 9/9
  7784 | D:6      | Found a bloodstained altar of Trog.
  8085 | D:6      | Found a burning altar of Makhleb.
  8087 | D:6      | Found a glowing silver altar of Zin.
  8087 | D:6      | Noticed an angel
  8138 | D:6      | Noticed an Executioner
  8301 | D:6      | Became a worshipper of Makhleb the Destroyer
  8398 | D:7      | Found a snail-covered altar of Cheibriados.
  8431 | D:7      | Reached skill level 13 in Axes
  8475 | D:7      | Found a hazy altar of Hepliaklqana.
  8483 | D:7      | Got a twisted war axe
  8484 | D:7      | Identified the +2 war axe "String" {speed, rF+ Str+5} (You
                  | found it on level 7 of the Dungeon)
  8503 | D:7      | Found Taaso's Distillery.
  8511 | D:7      | Bought a potion of lignification for 42 gold pieces
  8511 | D:7      | Bought a potion of mutation for 112 gold pieces
  8511 | D:7      | Bought a potion of heal wounds for 70 gold pieces
  8511 | D:7      | Bought a potion of curing for 42 gold pieces
  8621 | D:7      | Found a glowing golden altar of the Shining One.
  8622 | D:7      | Found a shadowy altar of Dithmenos.
  8624 | D:7      | Found a blossoming altar of Fedhas.
  8626 | D:7      | Noticed Joseph
  8629 | D:7      | Noticed Harold
  8644 | D:7      | Killed Joseph
  8654 | D:7      | Killed Harold
  8654 | D:7      | Reached skill level 10 in Fighting
  8654 | D:7      | Reached skill level 14 in Axes
  8654 | D:7      | Reached XP level 10. HP: 93/93 MP: 6/10
  8761 | D:7      | Noticed Maggie
  8770 | D:7      | Killed Maggie
  8847 | D:7      | Found a hide-covered altar of Uskayaw.
  9120 | D:8      | Found a runed translucent door.
  9122 | D:8      | Noticed a gargoyle
  9122 | D:8      | Noticed a centaur warrior
  9123 | D:8      | Noticed a centaur warrior
  9124 | D:8      | Noticed a two-headed ogre
  9142 | D:8      | Reached skill level 15 in Axes
  9170 | D:8      | Reached * piety under Makhleb
  9257 | D:8      | Killed a centaur warrior
  9269 | D:8      | Killed a centaur warrior
  9445 | D:8      | Reached skill level 16 in Axes
  9465 | D:8      | Identified the +5 quarterstaff "Ceguwit" {vorpal, rF- rN+
                  | Dex+4}
  9531 | D:8      | Noticed a catoblepas
  9559 | D:8      | Killed a catoblepas
  9559 | D:8      | Reached XP level 11. HP: 81/105 MP: 8/11
  9582 | D:8      | Noticed a two-headed ogre
  9592 | D:8      | Killed a two-headed ogre
  9688 | D:8      | Noticed a deep elf mage
  9711 | D:8      | Killed a deep elf mage
  9804 | D:8      | Found an ancient bone altar of Kikubaaqudgha.
  9804 | D:8      | Found a white marble altar of Elyvilon.
  9878 | D:8      | Killed a two-headed ogre
 10325 | D:9      | Reached ** piety under Makhleb
 10556 | D:9      | Found an ornate altar of the Wu Jian Council.
 10561 | D:9      | Noticed Psyche
 10567 | D:9      | Killed Psyche
 10821 | D:9      | Found Byakus's Book Emporium.
 10931 | D:10     | Entered Level 10 of the Dungeon
 10973 | D:10     | Reached skill level 5 in Invocations
 11151 | D:10     | Found a staircase to the Lair.
 11152 | D:10     | Noticed an unseen horror
 11164 | D:10     | Killed an unseen horror
 11291 | D:10     | Noticed a two-headed ogre
 11299 | D:10     | Killed a two-headed ogre
 11479 | D:10     | Noticed Grum
 11489 | D:10     | Killed Grum
 11659 | D:10     | Found a staircase to the Orcish Mines.
 11837 | Lair:1   | Entered Level 1 of the Lair of Beasts
 11850 | Lair:1   | Reached XP level 12. HP: 117/117 MP: 16/18
 11943 | Lair:1   | Reached skill level 10 in Invocations
 11996 | Lair:1   | Reached *** piety under Makhleb
 12000 | Lair:1   | Reached skill level 5 in Armour
 12178 | Lair:1   | Noticed Urug
 12207 | Lair:1   | Killed Urug
 12981 | Lair:2   | Found a staircase to the Shoals.
 13503 | Lair:2   | Noticed a seven-headed hydra
 13519 | Lair:2   | HP: 1/117 [13-headed hydra (5)]
 13520 | Lair:2   | Slain by a 13-headed hydra

Illustrated notes

Levels and vault maps discovered:
D:1:      wander_arrival_desolate, layout_basic, minmay_pentomino_r2
D:2:      layout_loops_ring, lemuel_blue_sif_altar, serial_bayou,
          serial_bayou_ford_a, serial_bayou_shore_a, serial_bayou_lake_a,
          serial_bayou_pond_c, serial_bayou_pond_c, serial_bayou_pond_c
D:3:      layout_loops_cross, nicolae_overflow_hidden_temple,
          chequers_ecumenical_altar_simple_redux,
          minmay_fractal_squares_gapless_5, uniq_robin
D:4:      layout_loops_corners, minmay_temple_entry_wispy, dk_vineyard_2,
          kennysheep_generic_room_15
D:5:      layout_cave_pools, uniq_prince_ribbit1, uniq_ijyb
D:6:      layout_loops_cross, grunt_temple_overflow_order_and_chaos_2,
          gammafunk_ghost_grave, basic_altar, grunt_ministairs_9, uniq_pikel
D:7:      layout_rooms, grunt_temple_overflow_open, lemuel_crystal_altar,
          lemuel_coloured_pillars_altar, serial_shops, shop, basic_altar,
          uniq_harold, uniq_joseph, uniq_maggie
D:8:      minmay_the_grid_four_pointed_star
          [minmay_the_grid_triangle_9x9_limited_checkers,
          minmay_the_grid_triangle_9x9_odd_lines,
          minmay_the_grid_triangle_9x9_corrupted_corridor,
          minmay_the_grid_triangle_9x9_subtriangle,
          minmay_the_grid_prize_four_corners_diamond_b], layout_rooms,
          gammafunk_temple_overflow_elements, corexii_corridor_pit
D:9:      layout_basic, nicolae_overflow_crystal_walls, serial_shops,
          kennysheep_little_box, uniq_psyche
D:10:     layout_loops_ring, david_lair_shrubbed, orc_0_dummy, uniq_grum
Temple:   dpeg_chambers_temple
Lair:1:   layout_cave_pods, grunt_megastairs_5, uniq_urug
Lair:2:   beast_lair_carwin_large_1, layout_regular_city,
          minmay_shoals_entry_centaurs, serial_bayou_shore_b

Skill      XL: |  1  2  3  4  5  6  7  8  9 10 11 12 |
---------------+-------------------------------------+-----
Axes           | 3 4 5 6 8 9 12 14 16 | 16.0
Fighting       | 4 5 6 7 8 10 12 14 | 14.1
Invocations    | 9 10 | 10.0
Armour         | 8 |  8.6
Shields        | |  3.2

Action                   |  1- 3 |  4- 6 |  7- 9 | 10-12 || total
-------------------------+-------+-------+-------+-------++-------
Melee: War axe           |   149 |   228 |   301 |   420 ||  1098
Evoke: Wand              |       |       |     3 |     3 ||     6
  Use: Scroll            |     5 |     5 |     9 |     9 ||    28
       Potion            |       |     1 |     2 |     1 ||     4
Armor: Scale mail        |    58 |   108 |    95 |       ||   261
       Skin              |       |       |     4 |       ||     4
       Swamp dragon scal |       |       |       |    96 ||    96
Dodge: Dodged            |    46 |    56 |    58 |    81 ||   241
Block: Kite shield       |    77 |   116 |   124 |   131 ||   448

Table legend: (Time is in decaauts)
 A = Elapsed time spent in this place.
 B = Non-inter-level travel time spent in this place.
 C = Inter-level travel time spent in this place.
 D = Time resting spent in this place.
 E = Time spent auto-exploring this place.
 F = Levels seen in this place.
 G = Mean time per level.
                   A        B        C        D        E       F      G
               +--------+--------+--------+--------+--------+-----+--------+
         Total |  13551 |  13201 |    350 |   1554 |   9612 |  13 | 1042.4 |
       Dungeon |  11739 |  11450 |    289 |   1383 |   8212 |  10 | 1173.9 |
        Temple |    195 |    186 |      9 |      0 |    185 |   1 |  195.0 |
          Lair |   1616 |   1565 |     51 |    171 |   1215 |   2 |  808.0 |
               +--------+--------+--------+--------+--------+-----+--------+

Top non-repeatable levels by time:
     D:2: 1752 daAuts
     D:3: 1627 daAuts
     D:4: 1602 daAuts
     D:6: 1215 daAuts
     D:8: 1155 daAuts
     D:5: 1123 daAuts
     D:1: 1112 daAuts
  Lair:1: 1100 daAuts
    D:10: 866 daAuts
     D:9: 659 daAuts
     D:7: 623 daAuts
  Lair:2: 515 daAuts
  Temple: 195 daAuts
